 Dungeon Crawl Stone Soup version 0.24.0-37-gcf1ca852f1 (webtiles) character file.

Game seed: 7901055059808312898, levelgen mode: deterministic

38 Descartes the Ducker (level 3, -2/17 HPs)
             Began as a Felid Monk on Dec 1, 2019.
             Slain by a bullfrog (8 damage)
             ... on level 2 of the Dungeon.
             The game lasted 00:02:20 (825 turns).

Descartes the Ducker (Felid Monk)                    Turns: 825, Time: 00:02:20

Health: -2/17      AC:  1    Str:  8    XL:     3   Next: 25%
Magic:  4/4        EV: 20    Int: 11    God:
Gold:   101        SH:  0    Dex: 18    Spells: 2/2 levels left
                                        Lives:  0   Deaths: 0

rFire    . . .     SeeInvis +     - Unarmed
rCold    . . .     Gourm    .   (shield unavailable)
rNeg     . . .     Faith    .   (armour unavailable)
rPois    .         Spirit   .   (helmet unavailable)
rElec    .         Reflect  .   (cloak unavailable)
rCorr    .         Harm     .   (gloves unavailable)
MR       .....                  (boots unavailable)
Stlth    +++.......             (no amulet)
HPRegen  0.05/turn              (no ring)
MPRegen  0.09/turn              (no ring)

@: quick
A: very small, no armour, no weapons or thrown items, stealth, claws 1, fangs 3,
see invisible, carnivore, speed 1, shaggy fur 1, slow metabolism 1, sharp paws
a: no special abilities


You were on level 2 of the Dungeon.
You were completely stuffed.

You visited 1 branch of the dungeon, and saw 2 of its levels.

You collected 101 gold pieces.

Inventory:

Missiles
 d - 20 arrows
Jewellery
 j - an uncursed ring of protection from cold {unknown}
Scrolls
 b - 2 scrolls of identify {unknown}
 c - a scroll of enchant armour {unknown}
 e - a scroll of remove curse {unknown}
 f - a scroll of blinking {unknown}
 k - a scroll of fog {unknown}
Potions
 g - 2 potions of might {unknown}
 h - a potion of lignification {unknown}
Comestibles
 a - a ration
 i - 2 chunks of flesh


   Skills:
 - Level 3.0 Fighting
 + Level 4.4 Dodging
 * Level 3.9 Stealth
 * Level 3.6 Unarmed Combat


You had 2 spell levels left.
You didn't know any spells.
Your spell library was empty.

Dungeon Overview and Level Annotations

Branches:
Dungeon (2/15)

Altars:
Okawaru


Innate Abilities, Weirdness & Mutations

You cannot wear armour.
You are incapable of wielding weapons or throwing items.
Your paws allow you to move quietly. (Stealth)
You have sharp claws.
You have razor-sharp teeth.
You have supernaturally acute eyesight. (SInv)
You are carnivorous and can eat meat at any time.
You cover ground quickly.
You are covered in fur. (AC +1)
You have a slow metabolism.
Your sharp claws are effective at attacking unaware monsters.


Message History

You closely miss the bullfrog.
The bullfrog swells and bulges.
The bullfrog hits you. The hobgoblin barely misses you.
You barely miss the bullfrog. The bullfrog hits you.
The hobgoblin completely misses you. The bullfrog hits you.
You scratch the bullfrog.
The bullfrog is lightly wounded.
A kobold comes into view. It is wielding a +0 club.
The bullfrog closely misses you. The hobgoblin misses you.
The bullfrog closely misses you.
You see here a +0 dagger.
The bullfrog hits you.
There is an open door here.
The bullfrog barely misses you.
There is an open door here.
You scratch the bullfrog.
You bite the bullfrog, but do no damage.
The bullfrog is lightly wounded.
The bullfrog hits you!
You die...

#.#..# ..#..#
#########..#
...........##
##########..#
#..#
#####+######..###
..........##..#.#
..........F@....#
..........###...#
........g.# #...#
..##+#'### #...#
. #.# ##..# #..
#.# #..#
#....###K### ##.#
...........# #.#
##.###.###.# #>#


You could see a bullfrog and a hobgoblin.

Vanquished Creatures
  An adder (D:2)
  An ooze (D:1)
  2 dart slugs (D:1)
  2 leopard geckos (D:1)
  A ball python (D:1)
  A giant cockroach (D:1)
  7 goblins
  A hobgoblin (D:1)
  A kobold (D:1)
17 creatures vanquished.

Notes
Turn   | Place    | Note
-------+----------+-------------------------------------------
     0 | D:1      | Descartes the Felid Monk began the quest for the Orb.
     0 | D:1      | Reached XP level 1. HP: 10/10 MP: 2/2
   355 | D:1      | Reached XP level 2. HP: 14/14 MP: 3/3
   641 | D:1      | Reached XP level 3. HP: 17/17 MP: 4/4
   724 | D:1      | Found an iron altar of Okawaru.
   810 | D:2      | Noticed a bullfrog
   825 | D:2      | Slain by a bullfrog

Levels and vault maps discovered:
D:1:      dpeg_arrival_water_altar, layout_basic, serial_park_tiny_2
D:2:      layout_basic, corexii_item_surrounded_by_moat, minivault_26,
          minmay_misc_feat_nine_boxes

Skill      XL: |  1 |
---------------+----+-----
Stealth        | 3 |  3.9
Fighting       | |  3.0
Dodging        | |  4.4
Unarmed Combat | |  3.6

Action                   || total
-------------------------++-------
Melee: Unarmed           ||    44
       Bite              ||     4
 Stab: Sleeping          ||     7
  Eat: Chunk             ||     7
Armor: Skin              ||     1
Dodge: Dodged            ||    24
